[Event "42nd WALTON Women-ch Bangladesh 2024"]
[Site "Dhaka"]
[Date "2024.05.21"]
[Round "2.1"]
[White "Wadifa, Ahmed"]
[Black "Kazi Zarin, Tasnim"]
[Result "1-0"]
[ECO "C60"]
[WhiteElo "1921"]
[BlackElo "1854"]
[Annotator "COMBH"]
[PlyCount "97"]
[EventDate "2024.05.20"]
[EventType "tourn"]
[EventCountry "BAN"]
[SourceTitle "playchess.com"]
[Source "ChessBase"]
[SourceQuality "1"]
[TimeControl "40/5400+30:1800+30"]

1. e4 e5 2. Nf3 Nc6 3. Bb5 g6 4. d4 exd4 5. Bg5 Be7 6. Bxe7 Ngxe7 7. Nxd4 O-O 8. O-O a6 9. Bc4 d5 10. exd5 Nb4 11. Nc3 Nexd5 12. Ne4 Nf6 13. Nxf6+ Qxf6 14. c3 Nc6 15. Nxc6 Qxc6 16. Qb3 Rb8 17. Rfe1 b5 18. Bd5 Qf6 19. Qb4 Bb7 20. Bxb7 Rxb7 21. Rad1 Rd8 22. Qc5 Kg7 23. h3 Rd6 24. a3 Re6 25. Rxe6 Qxe6 26. Rd8 h5 27. Qf8+ Kf6 28. Qh8+ Kf5 29. Re8 Qd6 30. Rd8 Qe6 31. g4+ hxg4 32. hxg4+ Kg5 33. Rd4 c5 34. Qd8+ Re7 35. Rd5+ Kxg4 36. Rxc5 Rd7 37. Qg5+ Kf3 38. Qg3+ Ke2 39. Re5+ Qxe5 40. Qxe5+ Kd1 41. Qf6 Rd2 42. b4 Kc2 43. Qxa6 Rd1+ 44. Kg2 Rd5 45. c4 Rg5+ 46. Kf1 bxc4 47. Qxc4+ Kb1 48. Qd3+ Ka1 49. Qd1+ 1-0

[Event "42nd WALTON Women-ch Bangladesh 2024"]
[Site "Dhaka"]
[Date "2024.05.21"]
[Round "2.2"]
[White "Sultana, Sharmin Shirin"]
[Black "Neelava, Choudhury"]
[Result "1-0"]
[ECO "D35"]
[WhiteElo "1927"]
[BlackElo "1778"]
[Annotator "NA RC"]
[PlyCount "95"]
[EventDate "2024.05.20"]
[EventType "tourn"]
[EventCountry "BAN"]
[SourceTitle "playchess.com"]
[Source "ChessBase"]
[SourceQuality "1"]
[TimeControl "40/5400+30:1800+30"]

1. d4 d5 2. Nf3 Nf6 3. c4 e6 4. Nc3 Be7 5. cxd5 exd5 6. Bf4 O-O 7. e3 Bg4 8. h3 Bh5 9. Be2 Re8 10. Qb3 b6 11. O-O c6 12. Rfc1 Nbd7 13. Ne5 Rc8 14. Ba6 Rc7 15. a4 Nb8 16. Bf1 Bd6 17. Qc2 Bg6 18. Nxg6 fxg6 19. Bxd6 Qxd6 20. Nb5 Qd7 21. Nxc7 Qxc7 22. a5 Ne4 23. Bd3 Nd6 24. b4 Rc8 25. axb6 axb6 26. Qa2 b5 27. Qa7 Nd7 28. Qxc7 Rxc7 29. Ra6 Nc4 30. Bxc4 bxc4 31. Kf1 Kf7 32. Ke2 Nb8 33. Rb6 Nd7 34. Ra6 Nb8 35. Ra4 Rb7 36. Rca1 Ke6 37. Kd2 Nd7 38. Kc3 Nf6 39. f3 Nd7 40. Ra7 Rb8 41. Rc7 Kd6 42. Raa7 Rd8 43. h4 h6 44. e4 g5 45. hxg5 hxg5 46. e5+ Ke6 47. Rxc6+ Kf5 48. Rd6 1-0

[Event "42nd WALTON Women-ch Bangladesh 2024"]
[Site "Dhaka"]
[Date "2024.05.21"]
[Round "2.3"]
[White "Noshin, Anjum"]
[Black "Hamid, Rani"]
[Result "1-0"]
[ECO "B42"]
[WhiteElo "2025"]
[BlackElo "1863"]
[Annotator "RC"]
[PlyCount "95"]
[EventDate "2024.05.20"]
[EventType "tourn"]
[EventCountry "BAN"]
[SourceTitle "playchess.com"]
[Source "ChessBase"]
[SourceQuality "1"]
[TimeControl "40/5400+30:1800+30"]

1. e4 c5 2. Nf3 e6 3. d4 cxd4 4. Nxd4 a6 5. Bd3 Nf6 6. O-O d6 7. f4 Be7 8. Kh1 O-O 9. e5 Ne8 10. Nc3 g6 11. Be3 Nc6 12. Ne4 Nxd4 13. Bxd4 dxe5 14. Bxe5 Bd7 15. Qe2 Bc6 16. Rad1 Qa5 17. a3 b5 18. Ng3 Bf6 19. f5 Bxe5 20. Qxe5 Qc7 21. Qxc7 Nxc7 22. fxe6 fxe6 23. Rfe1 Rad8 24. Kg1 Kg7 25. Ne4 Rd5 26. b4 Re5 27. Nc5 Rg5 28. Be4 Be8 29. Rd6 e5 30. Nxa6 Nxa6 31. Rxa6 Bf7 32. Ra7 Kg8 33. Rf1 Bc4 34. Rd1 Rg4 35. Bd5+ Bxd5 36. Rxd5 Re4 37. h3 Re1+ 38. Kh2 Re2 39. Rxb5 Re8 40. Rbb7 e4 41. Rg7+ Kh8 42. Rxh7+ Kg8 43. Rhg7+ Kh8 44. Rge7 Rd8 45. b5 Kg8 46. b6 Kf8 47. b7 e3 48. Re4 1-0

[Event "42nd WALTON Women-ch Bangladesh 2024"]
[Site "Dhaka"]
[Date "2024.05.21"]
[Round "2.4"]
[White "Ahmed, Walijah"]
[Black "Tabassum Sadia, Shahjahan"]
[Result "1-0"]
[ECO "B12"]
[WhiteElo "1878"]
[BlackElo "1567"]
[Annotator "NA RC"]
[PlyCount "61"]
[EventDate "2024.05.20"]
[EventType "tourn"]
[EventCountry "BAN"]
[SourceTitle "playchess.com"]
[Source "ChessBase"]
[SourceQuality "1"]
[TimeControl "40/5400+30:1800+30"]

1. e4 c6 2. d4 d5 3. e5 e6 4. f4 Ne7 5. Nf3 c5 6. dxc5 Qa5+ 7. c3 Qxc5 8. Na3 Nf5 9. Nc2 Be7 10. Bd3 Nh4 11. Nxh4 Bxh4+ 12. g3 Be7 13. Be3 Qc7 14. Qe2 Bd7 15. Qf2 Bc6 16. Nd4 Nd7 17. O-O O-O 18. Qc2 g6 19. h4 Rfe8 20. h5 Nf8 21. Kf2 Bc5 22. Rh1 Bxd4 23. Bxd4 Kg7 24. Qd2 Kg8 25. Rh4 Qe7 26. Rah1 Rec8 27. g4 Be8 28. f5 g5 29. f6 Qc7 30. Qxg5+ Ng6 31. Qh6 1-0

[Event "42nd WALTON Women-ch Bangladesh 2024"]
[Site "Dhaka"]
[Date "2024.05.21"]
[Round "2.5"]
[White "Israt, Jahan Diba"]
[Black "Warsia, Khusbu"]
[Result "0-1"]
[ECO "C44"]
[WhiteElo "1904"]
[BlackElo "1905"]
[Annotator "NA RC"]
[PlyCount "62"]
[EventDate "2024.05.20"]
[EventType "tourn"]
[EventCountry "BAN"]
[SourceTitle "playchess.com"]
[Source "ChessBase"]
[SourceQuality "1"]
[TimeControl "40/5400+30:1800+30"]

1. e4 e5 2. Nf3 Nf6 3. d3 Nc6 4. Be2 Be7 5. Nc3 O-O 6. O-O d5 7. exd5 Nxd5 8. d4 exd4 9. Nxd4 Nxc3 10. bxc3 Nxd4 11. cxd4 Bf6 12. c3 c6 13. Qb3 Qc7 14. Rb1 b6 15. Ba3 Re8 16. Rfe1 Bf5 17. Rbd1 Rad8 18. Bf3 Be6 19. Qc2 g6 20. Be4 c5 21. dxc5 bxc5 22. g3 Qa5 23. Bb2 Rxd1 24. Rxd1 Qxa2 25. Ra1 Qb3 26. Rxa7 Qxc2 27. Bxc2 Bh3 28. Ra1 Re2 29. Rc1 c4 30. Ba1 Bg5 31. f4 Be7 0-1

[Event "42nd WALTON Women-ch Bangladesh 2024"]
[Site "Dhaka"]
[Date "2024.05.21"]
[Round "2.6"]
[White "Nusrat Jahan, Alo"]
[Black "Jannatul, Ferdous"]
[Result "1-0"]
[ECO "B19"]
[WhiteElo "1850"]
[BlackElo "1990"]
[Annotator "NA RC"]
[PlyCount "175"]
[EventDate "2024.05.20"]
[EventType "tourn"]
[EventCountry "BAN"]
[SourceTitle "playchess.com"]
[Source "ChessBase"]
[SourceQuality "1"]
[TimeControl "40/5400+30:1800+30"]

1. e4 c6 2. d4 d5 3. Nc3 dxe4 4. Nxe4 Bf5 5. Ng3 Bg6 6. h4 h6 7. Nf3 Nd7 8. h5 Bh7 9. Bd3 Bxd3 10. Qxd3 e6 11. Bd2 Ngf6 12. O-O-O Qc7 13. Ne4 O-O-O 14. g3 Nc5 15. Nxc5 Bxc5 16. Bf4 Bd6 17. Bxd6 Rxd6 18. Qe2 Rhd8 19. Kb1 Ng4 20. c3 f5 21. Nd2 Qf7 22. f3 Nf6 23. Nc4 Rd5 24. Ne5 Qe8 25. g4 fxg4 26. fxg4 Nh7 27. Rhf1 Ng5 28. Rde1 c5 29. Ng6 cxd4 30. cxd4 Qd7 31. Ne5 Qe7 32. Qh2 Qd6 33. Rc1+ Kb8 34. Rc4 Ka8 35. Rfc1 Rb8 36. Qf2 Ne4 37. Qe3 Nf6 38. Qf4 a6 39. Nd3 Qxf4 40. Nxf4 Rd6 41. Re1 Re8 42. Rg1 Red8 43. Rc7 Rxd4 44. Nxe6 Rd1+ 45. Rc1 Rxc1+ 46. Kxc1 Rd7 47. Kc2 Kb8 48. a3 b6 49. Rg3 Re7 50. Nd4 Re4 51. Kd3 Rf4 52. Ne6 Rf2 53. b3 Ra2 54. a4 Rb2 55. Kd4 Rd2+ 56. Ke5 Rd5+ 57. Kf4 Rd7 58. Kf5 Nd5 59. g5 Rf7+ 60. Ke5 Ne7 61. gxh6 gxh6 62. Rg7 Rf5+ 63. Ke4 Rxh5 64. Rxe7 Rh3 65. Nd4 h5 66. Kd5 Rc3 67. b4 h4 68. a5 bxa5 69. Nc6+ Kc8 70. Nxa5 h3 71. Rh7 Kb8 72. Kd4 Rc1 73. Rxh3 Kc7 74. Rc3+ Rxc3 75. Kxc3 Kb6 76. Kc4 Kc7 77. Kc5 Kc8 78. Kb6 Kb8 79. Kxa6 Ka8 80. Nc4 Kb8 81. Nb6 Kc7 82. Ka7 Kc6 83. Ka6 Kc7 84. Nd5+ Kb8 85. b5 Ka8 86. b6 Kb8 87. Nc7 Kc8 88. Ka7 1-0

[Event "42nd WALTON Women-ch Bangladesh 2024"]
[Site "Dhaka"]
[Date "2024.05.22"]
[Round "3.1"]
[White "Jannatul, Ferdous"]
[Black "Wadifa, Ahmed"]
[Result "1/2-1/2"]
[ECO "B44"]
[WhiteElo "1990"]
[BlackElo "1921"]
[Annotator "NA RC"]
[PlyCount "101"]
[EventDate "2024.05.20"]
[EventType "tourn"]
[EventCountry "BAN"]
[SourceTitle "playchess.com"]
[Source "ChessBase"]
[SourceQuality "1"]
[TimeControl "40/5400+30:1800+30"]

1. e4 c5 2. Nf3 e6 3. c4 Nc6 4. d4 cxd4 5. Nxd4 Nf6 6. Nc3 Bb4 7. Nxc6 bxc6 8. Bd3 e5 9. O-O O-O 10. Be3 {[%emt 0:00:30] 10.h3 gains popularity.} d6 {[%emt 0:00:30] B44: Sicilian: Taimanov: 5 Nb5.} 11. f3 Be6 12. Qe2 $146 ({Predecessor:} 12. Na4 Nd7 13. a3 Ba5 14. b4 Bb6 15. Nxb6 axb6 16. Qc2 Qe7 17. Rfd1 Rfd8 18. Qf2 {0-1 Zhurbinsky,D (1996)-Shlyakhtenko,R (2422) Titled Tuesday intern op 19th Jul Late blitz 2022 (4)}) 12... Qe7 13. a3 Bc5 14. b4 Bxe3+ 15. Qxe3 Nh5 16. g3 f5 17. exf5 Bxf5 18. Ne4 ({Better is} 18. Bxf5 $16 Rxf5 19. Rad1) 18... d5 19. cxd5 cxd5 20. Nc5 Bxd3 $11 21. Nxd3 Rae8 22. Rae1 e4 23. Nc5 Nf6 24. fxe4 dxe4 25. Rf4 Nd5 26. Qxe4 Qxe4 27. Rxf8+ Rxf8 28. Rxe4 Rf3 29. a4 Rc3 30. Ne6 h6 31. Nf4 Rc1+ 32. Kg2 Nf6 33. Rd4 Ra1 34. a5 Ra2+ 35. Kf3 Rxh2 36. b5 Rb2 37. Rd8+ Kh7 38. Ra8 Rxb5 39. Rxa7 Rb3+ 40. Kg2 Ne4 41. Nh5 Kg6 42. g4 Kg5 43. Rxg7+ Kh4 44. a6 Ra3 45. a7 Nd6 46. Nf6 Nc8 47. Ne4 Rxa7 48. Rg6 Ne7 49. Rg7 Nc6 50. Rg6 Ne5 51. Rxh6+ 1/2-1/2

[Event "42nd WALTON Women-ch Bangladesh 2024"]
[Site "Dhaka"]
[Date "2024.05.22"]
[Round "3.2"]
[White "Warsia, Khusbu"]
[Black "Nusrat Jahan, Alo"]
[Result "0-1"]
[ECO "B33"]
[WhiteElo "1905"]
[BlackElo "1850"]
[Annotator "RC"]
[PlyCount "60"]
[EventDate "2024.05.20"]
[EventType "tourn"]
[EventCountry "BAN"]
[SourceTitle "playchess.com"]
[Source "ChessBase"]
[SourceQuality "1"]
[TimeControl "40/5400+30:1800+30"]

1. e4 c5 2. Nf3 e6 3. d4 cxd4 4. Nxd4 Nf6 5. Nc3 Nc6 6. Ndb5 d6 7. Bf4 e5 8. Bg5 a6 9. Na3 b5 10. Nd5 Be7 11. Bxf6 Bxf6 12. c4 b4 13. Nc2 a5 14. h4 Rb8 15. g3 O-O 16. Qd3 Be6 17. Nce3 Nd4 18. O-O-O Be7 19. Bg2 Qd7 20. f4 Bd8 21. f5 Bxd5 22. Nxd5 Qa4 23. Kb1 b3 24. a3 Nc2 25. Nc3 Nxa3+ 26. bxa3 Qxa3 27. Qxd6 Rb4 28. Qxd8 Ra4 29. Qxf8+ Kxf8 30. Nxa4 Qa2+ 0-1

[Event "42nd WALTON Women-ch Bangladesh 2024"]
[Site "Dhaka"]
[Date "2024.05.22"]
[Round "3.3"]
[White "Tabassum Sadia, Shahjahan"]
[Black "Israt, Jahan Diba"]
[Result "0-1"]
[ECO "D36"]
[WhiteElo "1567"]
[BlackElo "1904"]
[Annotator "NA RC"]
[PlyCount "66"]
[EventDate "2024.05.20"]
[EventType "tourn"]
[EventCountry "BAN"]
[SourceTitle "playchess.com"]
[Source "ChessBase"]
[SourceQuality "1"]
[TimeControl "40/5400+30:1800+30"]

1. d4 d5 2. c4 e6 3. Nc3 Nf6 4. cxd5 exd5 5. Bg5 Nbd7 6. e3 Be7 7. Bd3 O-O 8. Nge2 h6 9. Bh4 Re8 10. O-O Nf8 11. Rb1 c6 12. Qc2 Nh5 {[%emt 0:02:18] D36: Queen's Gambit Declined: Exchange Variation: Main line (5 Bg5 c6 6 Qc2).} 13. Bxe7 Qxe7 14. Na4 Qg5 15. Ng3 Nxg3 16. hxg3 h5 17. Nc3 h4 18. Ne2 {[%emt 0:02:40] [#]} (18. gxh4 $15 Qxh4 19. Ne2) 18... hxg3 (18... Re6 $1 $17 19. f4 Qe7 20. gxh4 Rxe3) 19. Nxg3 g6 20. Rfe1 Bg4 21. b4 Rac8 22. Qc5 b6 23. Qc2 $15 Nd7 24. Ba6 Rc7 25. Be2 Kg7 26. Bxg4 Qxg4 27. Qe2 Qh4 28. Qf3 Rcc8 29. e4 dxe4 30. Nxe4 Rh8 31. Kf1 Rce8 32. Ng3 Qh1+ 33. Nxh1 Rxh1# 0-1

[Event "42nd WALTON Women-ch Bangladesh 2024"]
[Site "Dhaka"]
[Date "2024.05.22"]
[Round "3.4"]
[White "Hamid, Rani"]
[Black "Ahmed, Walijah"]
[Result "1/2-1/2"]
[ECO "B59"]
[WhiteElo "1863"]
[BlackElo "1878"]
[Annotator "NA RC"]
[PlyCount "71"]
[EventDate "2024.05.20"]
[EventType "tourn"]
[EventCountry "BAN"]
[SourceTitle "playchess.com"]
[Source "ChessBase"]
[SourceQuality "1"]
[TimeControl "40/5400+30:1800+30"]

1. e4 c5 2. Nf3 d6 3. d4 cxd4 4. Nxd4 Nf6 5. Nc3 Nc6 6. Be2 e5 7. Nb3 Be7 8. O-O O-O 9. f4 a5 10. a4 Nb4 11. f5 {[%emt 0:01:31] B59: Classical Sicilian: 6 Be2 e5 7 Nb3.} Bd7 12. Bg5 Bc6 13. Bxf6 Bxf6 14. Nd5 Bg5 15. c3 Nxd5 16. exd5 Bd7 17. Kh1 Qb6 18. Nd2 Bxd2 19. Qxd2 f6 20. g4 e4 21. c4 Rae8 22. Qc3 Re5 23. b3 Qc5 24. Rad1 g6 25. Qg3 Rf7 $11 26. Rg1 Rg7 27. fxg6 Rxg6 28. Qf4 Kg7 29. Rdf1 Qb6 30. g5 f5 31. Rg3 e3 32. Bd3 Qxb3 33. Rxe3 Qc3 34. Rfe1 Qd2 35. R1e2 Qc1+ 36. Re1 1/2-1/2

[Event "42nd WALTON Women-ch Bangladesh 2024"]
[Site "Dhaka"]
[Date "2024.05.22"]
[Round "3.5"]
[White "Neelava, Choudhury"]
[Black "Noshin, Anjum"]
[Result "1/2-1/2"]
[ECO "C78"]
[WhiteElo "1778"]
[BlackElo "2025"]
[Annotator "NA RC"]
[PlyCount "110"]
[EventDate "2024.05.20"]
[EventType "tourn"]
[EventCountry "BAN"]
[SourceTitle "playchess.com"]
[Source "ChessBase"]
[SourceQuality "1"]
[TimeControl "40/5400+30:1800+30"]

1. e4 e5 2. Nf3 Nc6 3. Bb5 a6 4. Ba4 Nf6 5. O-O Bc5 6. c3 Ba7 7. d4 b5 {[%emt 0:00:08] C78: Ruy Lopez: Archangelsk and Möller Defences.} 8. Bb3 d6 9. Bd5 {[%emt 0:04:45] 9.Be3 gains popularity.} Nxd5 10. exd5 Ne7 11. dxe5 dxe5 12. Nxe5 Qxd5 13. Bf4 $146 ({Predecessor:} 13. Qxd5 Nxd5 14. Re1 Be6 15. a4 O-O 16. Nc6 bxa4 17. Nxa7 Rxa7 18. Rxa4 Rb8 19. Rd4 {½-½ Kupsch,W-Kunz,P Saarland-ch A 2004 (7)}) 13... Bb7 14. Qxd5 Nxd5 15. Bg3 f6 16. Nf3 Kf7 17. Nbd2 Bb6 18. c4 Ne7 19. b4 Bxf3 20. Nxf3 bxc4 21. Rac1 Nf5 22. Rxc4 Nxg3 23. hxg3 a5 24. a4 $15 axb4 25. Rxb4 Rhd8 26. Re4 Re8 27. Rfe1 Rxe4 28. Rxe4 Re8 29. Rxe8 Kxe8 30. Kf1 Kd7 31. Ke2 Kc6 32. Nh4 g6 33. f4 Kc5 34. Kd3 Kb4 35. f5 Kb3 36. Nxg6 c5 37. Ne5 fxe5 38. f6 Bd8 39. a5 c4+ 40. Ke4 c3 41. f7 Be7 42. a6 c2 43. a7 c1=Q 44. a8=Q Qc4+ 45. Kxe5 Qxf7 46. Qf3+ Qxf3 47. gxf3 Kc4 48. Ke6 Bg5 49. g4 Kd4 50. Kf5 Bh6 51. g5 Bg7 52. Ke6 Ke3 53. Kf7 Be5 54. Kg8 Bf4 55. Kxh7 Bxg5 1/2-1/2

[Event "42nd WALTON Women-ch Bangladesh 2024"]
[Site "Dhaka"]
[Date "2024.05.22"]
[Round "3.6"]
[White "Kazi Zarin, Tasnim"]
[Black "Sultana, Sharmin Shirin"]
[Result "0-1"]
[ECO "B22"]
[WhiteElo "1854"]
[BlackElo "1927"]
[Annotator "NA RC"]
[PlyCount "46"]
[EventDate "2024.05.20"]
[EventType "tourn"]
[EventCountry "BAN"]
[SourceTitle "playchess.com"]
[Source "ChessBase"]
[SourceQuality "1"]
[TimeControl "40/5400+30:1800+30"]

1. e4 c5 2. Nf3 e6 3. c3 d5 4. exd5 Qxd5 5. d4 Nf6 6. Na3 Nc6 7. Be3 cxd4 8. Nb5 Qd8 9. Nbxd4 Nd5 10. Nxc6 bxc6 11. Bd2 Qb6 12. c4 (12. Bd3 $11) 12... Bc5 13. Bd3 Bxf2+ 14. Ke2 {[%emt 0:02:23] [#]} Ne3 ({Black should try} 14... Nf6 $1 $17 15. Rf1 Bc5) 15. Qc1 Nf5 16. Bxf5 exf5 17. Qc3 O-O $17 18. b4 Re8+ 19. Kf1 Ba6 20. a4 Be3 21. Rc1 Bxd2 22. Qxd2 Rad8 23. Qb2 Bxc4+ 0-1

[Event "42nd WALTON Women-ch Bangladesh 2024"]
[Site "Dhaka"]
[Date "2024.05.23"]
[Round "4.1"]
[White "Wadifa, Ahmed"]
[Black "Sultana, Sharmin Shirin"]
[Result "1/2-1/2"]
[ECO "B82"]
[WhiteElo "1921"]
[BlackElo "1927"]
[Annotator "NA RC"]
[PlyCount "110"]
[EventDate "2024.05.20"]
[EventType "tourn"]
[EventCountry "BAN"]
[SourceTitle "playchess.com"]
[Source "ChessBase"]
[SourceQuality "1"]
[TimeControl "40/5400+30:1800+30"]

1. e4 c5 2. Nf3 e6 3. d4 cxd4 4. Nxd4 a6 5. Nc3 Qc7 6. Bd3 Nf6 7. Qe2 d6 8. f4 Nc6 {[%emt 0:07:39] B82: Sicilian Scheveningen: 6 f4.} 9. Nxc6 bxc6 10. g4 e5 (10... Nd7 $11) 11. g5 Nd7 12. f5 Nc5 13. Bc4 Rb8 14. Rf1 a5 15. a3 a4 16. g6 hxg6 17. fxg6 f6 18. Bf7+ Kd8 19. Be3 Qb6 20. Bxc5 Qxc5 21. O-O-O {[%emt 0:00:30] [#]} Rh3 (21... Kc7 $1 $17) 22. Qf2 (22. Nxa4 $11 {remains equal.} Qa7 23. Bb3) 22... Qa5 23. Rd3 Rxd3 24. cxd3 Ba6 25. Rd1 $2 {[%emt 0:01:55] [#]} (25. Qa7 $16 {stays on course.} Qb6 26. Qxb6+ Rxb6 27. Nxa4) 25... Bb5 $2 (25... d5 $1 $17 26. Qc2 (26. exd5 Bxa3 27. Rd2 Bxb2+ 28. Rxb2 Qxc3+ 29. Rc2 Qa3+ 30. Kd2 Qxd3+ 31. Kc1 Qa3+ 32. Kd2 Rb1 33. Qf5 Rh1 34. Qe4 Rxh2+ 35. Kd1 Qa1+ 36. Rc1 Qb2 37. Rc2 Qb1+ 38. Rc1 Qxe4 39. dxc6 Qh1#) 26... Rb3) 26. Rd2 Kc7 27. Nxb5+ Qxb5 28. Bc4 Qb6 29. Qxb6+ Kxb6 30. h4 Kc5 (30... f5 $1 $11) 31. Be6 d5 32. Rc2+ Kd6 33. Bf5 Be7 $1 34. h5 Bf8 35. Bh3 Rb3 36. exd5 cxd5 $18 ({Black should try} 36... Rxd3 $14 37. Rxc6+ Kxd5 38. Bg2+ e4) 37. Rc8 Rxd3 38. Rxf8 Rxh3 39. Rxf6+ Kc5 40. Rf7 Rxh5 41. Rxg7 Rg5 42. Rc7+ Kd4 43. g7 Kd3 44. Rc3+ Ke4 45. Rc7 Rg2 46. Kd1 d4 47. Re7 d3 48. Ke1 Kd4 49. Kf1 Rg6 50. Kf2 e4 51. Rd7+ Ke5 52. Ke3 Rg3+ 53. Kf2 Rg6 54. Ke3 Rg3+ 55. Kf2 Rg6 1/2-1/2

[Event "42nd WALTON Women-ch Bangladesh 2024"]
[Site "Dhaka"]
[Date "2024.05.23"]
[Round "4.2"]
[White "Noshin, Anjum"]
[Black "Kazi Zarin, Tasnim"]
[Result "1-0"]
[ECO "C11"]
[WhiteElo "2025"]
[BlackElo "1854"]
[Annotator "NA RC"]
[PlyCount "109"]
[EventDate "2024.05.20"]
[EventType "tourn"]
[EventCountry "BAN"]
[SourceTitle "playchess.com"]
[Source "ChessBase"]
[SourceQuality "1"]
[TimeControl "40/5400+30:1800+30"]

1. e4 e6 2. d4 d5 3. Nc3 Nf6 4. e5 Nfd7 5. f4 c5 6. Nf3 Nc6 7. Be3 Be7 8. Qd2 O-O 9. Nd1 {[%emt 0:07:04] C11: French: Classical System: 4 e5 and 4 Bg5 dxe4.} f6 10. exf6 Nxf6 11. Nf2 $1 Ne4 12. Nxe4 dxe4 13. Ne5 cxd4 14. Nxc6 bxc6 15. Bxd4 c5 16. Be5 Bh4+ 17. g3 Qxd2+ 18. Kxd2 Bb7 19. Ke3 Bf6 20. Bxf6 gxf6 21. Bh3 f5 22. g4 Rf7 23. gxf5 exf5 24. Rhg1+ Kf8 25. Rg5 Bc8 26. Rd1 Be6 27. Rd6 Ke7 28. Ra6 Rff8 29. Ra5 Rfb8 30. b3 Rg8 31. Rxg8 Rxg8 32. Rxa7+ Kd6 33. Rxh7 Ra8 34. a4 c4 35. Rh5 cxb3 36. cxb3 Ra5 ({Better is} 36... Rb8 $1 $14 37. Bxf5 Bd5) 37. b4 (37. Bg4 $16) 37... Rxa4 38. Bxf5 Bc4 39. Rh6+ Kc7 40. Bxe4 Rxb4 41. f5 Kd7 42. Rh4 Ke7 $2 (42... Rb2 43. Kf4 Bf7) 43. Bd3 Bxd3 44. Rxb4 Bxf5 45. Kf4 Bg6 46. Kg5 Bf7 47. Kh6 Kf6 48. Rf4+ Ke6 49. Kg7 Bh5 50. h4 Ke5 51. Rf6 Bg4 52. Rf8 Ke6 53. Kg6 Ke7 54. Rf4 Bd7 55. Rf7+ 1-0

[Event "42nd WALTON Women-ch Bangladesh 2024"]
[Site "Dhaka"]
[Date "2024.05.23"]
[Round "4.3"]
[White "Ahmed, Walijah"]
[Black "Neelava, Choudhury"]
[Result "1-0"]
[ECO "C88"]
[WhiteElo "1878"]
[BlackElo "1778"]
[Annotator "NA RC"]
[PlyCount "113"]
[EventDate "2024.05.20"]
[EventType "tourn"]
[EventCountry "BAN"]
[SourceTitle "playchess.com"]
[Source "ChessBase"]
[SourceQuality "1"]
[TimeControl "40/5400+30:1800+30"]

1. e4 e5 2. Nf3 Nc6 3. Bb5 a6 4. Ba4 Nf6 5. O-O Be7 6. Re1 b5 7. Bb3 O-O 8. h3 Bb7 9. d3 d5 {[%emt 0:00:46] seems to push 9...d6 aside. C88: Closed Ruy Lopez: Anti-Marshall Systems.} 10. exd5 Nxd5 11. Nbd2 f6 12. a4 Qd7 13. Ne4 Kh8 14. Bd2 Rfd8 $146 ({Predecessor:} 14... Nd4 15. Nxd4 exd4 16. c4 Nb4 17. Bf4 bxc4 18. Bxc4 c5 19. Rc1 Qc6 20. Qf3 Qd7 {½-½ Buzzoni,E-Soderstrom,A (2322) Reykjavik op 2023 (4)}) 15. Qe2 Bf8 16. Rad1 (16. c3 $1 $14) 16... Nd4 17. Nxd4 exd4 18. axb5 axb5 19. Qh5 c5 20. c3 dxc3 21. bxc3 b4 22. c4 Nc7 23. Nxc5 Bxc5 24. Qxc5 Na6 25. Qb6 Rab8 26. Qe3 Qxd3 27. Qxd3 Rxd3 {[%emt 0:00:11] [#]} 28. Bf4 $1 Rxd1 29. Rxd1 Rc8 30. Be3 h6 31. Rd6 Nb8 32. Rb6 Be4 33. Rxb4 Nc6 34. Rb5 Ne5 35. c5 Bd3 36. Rb7 Nc4 37. Re7 $16 Na5 38. Be6 Rd8 39. Rc7 Bb5 40. Bf4 Nc4 41. Rb7 Bc6 42. Rb4 Na5 43. Bc7 Ra8 44. Rb6 g6 45. Bf4 Re8 46. Bf7 Re1+ 47. Kh2 Kg7 48. Bd2 Ra1 49. Be6 Be4 50. Bc3 Ra3 51. Bb4 Ra1 52. f3 Ba8 53. Rb8 Nc6 54. Rg8+ Kh7 55. Bc3 Ne7 56. Rf8 Kg7 57. Rf7+ 1-0

[Event "42nd WALTON Women-ch Bangladesh 2024"]
[Site "Dhaka"]
[Date "2024.05.23"]
[Round "4.4"]
[White "Israt, Jahan Diba"]
[Black "Hamid, Rani"]
[Result "1/2-1/2"]
[ECO "B43"]
[WhiteElo "1904"]
[BlackElo "1863"]
[Annotator "NA RC"]
[PlyCount "176"]
[EventDate "2024.05.20"]
[EventType "tourn"]
[EventCountry "BAN"]
[SourceTitle "playchess.com"]
[Source "ChessBase"]
[SourceQuality "1"]
[TimeControl "40/5400+30:1800+30"]

1. e4 c5 2. Nf3 e6 3. d4 cxd4 4. Nxd4 a6 5. Nc3 Qc7 6. Bd3 Nf6 7. O-O Be7 8. Be3 O-O {[%emt 0:00:13] B43: Sicilian: Kan Variation: 5 Nc3.} 9. f4 d6 10. Qf3 Nc6 11. Nxc6 bxc6 12. Rae1 Rb8 13. e5 Nd5 14. Qh5 g6 15. Qh6 ({White should try} 15. Nxd5 $11 cxd5 16. exd6 Qxd6 (16... Bxd6 17. Qh6 $11) 17. Qh6) 15... Nxe3 16. Rxe3 dxe5 17. Rh3 Bc5+ 18. Kh1 f5 19. fxe5 Rf7 20. Na4 Bd4 21. Bc4 Qxe5 (21... c5 $15) 22. c3 Ba7 23. Rd1 Bd7 24. Qh4 Be3 25. Bxa6 f4 26. b3 c5 27. Be2 Bxa4 28. bxa4 Qxc3 29. Qg4 Qf6 30. Bc4 Re7 31. Rf1 Qe5 32. Qh4 (32. Rd1 $17) 32... Rbb7 33. Rd1 Red7 34. Qg4 Rxd1+ 35. Qxd1 Rd7 36. Qb1 Rd2 37. Rf3 Qd6 38. Rf1 $2 (38. Qb7 $17) 38... Qc6 $2 (38... f3 $1 $19 39. Bxe6+ Qxe6 40. Rxf3 Kg7 (40... Rxa2 41. Qb8+) 41. Qb7+ Qd7) 39. Qb8+ Kg7 40. Qe5+ Kh6 41. Rf3 Rd1+ 42. Bf1 Rxf1+ 43. Rxf1 Qxa4 44. Qxe6 c4 45. Rb1 c3 46. Qh3+ (46. Qf6 $11 {remains equal.} Qa5 (46... Qe4 47. Qf8+ Kh5 48. Rb5+ g5 49. Qg7 $11) 47. Qh4+ Qh5 48. Qd8) 46... Kg5 47. Qxh7 c2 $1 48. Qe7+ {[%emt 0:00:00] [#]} Kf5 $1 49. Qf8+ $2 {[%emt 0:00:00] [#]} (49. Qf7+ $17 Ke5 50. Qg7+ Kd5 51. Qxg6) 49... Ke4 $19 50. Qe7+ Kd3 51. Qd6+ Kc3 52. Qxg6 cxb1=Q+ 53. Qxb1 Qa8 54. Qb3+ Kd4 55. Qd1+ Ke5 56. Qh5+ Kd6 57. Qd1+ Kc5 58. Qc2+ Kd4 59. Qd1+ Kc3 60. Qb3+ Kd2 61. Qb2+ Kd1 62. Qb1+ Ke2 63. Qb5+ Kd2 64. Qb2+ Kd3 65. Qb1+ Kc4 66. Qb3+ Kc5 67. Qc3+ Kd6 68. Qd3+ Ke7 69. Qh7+ Kf6 70. Qh6+ Ke5 71. Qh5+ Kd6 72. Qg6+ Kc5 73. Qc2+ Kd4 74. Qd1+ Kc3 75. Qb3+ Kd2 76. Qb2+ Ke1 77. Qb1+ Ke2 78. Qb5+ Kd1 79. Qb1+ Bc1 80. Qd3+ Bd2 81. Qf3+ Qxf3 82. gxf3 Ke2 83. Kg2 Be1 84. a4 Ke3 85. h3 Kd4 86. Kf1 Bg3 87. Ke2 Kc4 88. a5 Kb5 1/2-1/2

[Event "42nd WALTON Women-ch Bangladesh 2024"]
[Site "Dhaka"]
[Date "2024.05.23"]
[Round "4.5"]
[White "Nusrat Jahan, Alo"]
[Black "Tabassum Sadia, Shahjahan"]
[Result "1-0"]
[ECO "C54"]
[WhiteElo "1850"]
[BlackElo "1567"]
[Annotator "NA RC"]
[PlyCount "61"]
[EventDate "2024.05.20"]
[EventType "tourn"]
[EventCountry "BAN"]
[SourceTitle "playchess.com"]
[Source "ChessBase"]
[SourceQuality "1"]
[TimeControl "40/5400+30:1800+30"]

1. e4 e5 2. Nf3 Nc6 3. Bc4 Bc5 4. c3 Nf6 5. d4 exd4 6. e5 d5 7. Bb5 Ne4 8. cxd4 Bb6 9. Nc3 {[%emt 0:05:24] C54: Giuoco Piano: 4 c3 Nf6, main lines with 5 d4 and 5 d3.} Bg4 10. Be3 O-O 11. Qc2 Nxc3 12. Bxc6 bxc6 13. Qxc3 Qd7 14. Nd2 f6 15. exf6 Rxf6 16. O-O Qf7 17. f3 Bd7 18. Rfe1 Qg6 19. Bf2 Rf7 20. Re5 a5 21. a4 Raf8 22. Rae1 h5 23. h4 Rf4 24. Rg5 Qf6 25. Ree5 $16 g6 26. Nb3 Bh3 27. gxh3 Rxf3 28. Qc2 Rxf2 29. Rxg6+ Qxg6+ 30. Qxg6+ Kh8 31. Rxh5# 1-0